 Dungeon Crawl Stone Soup version 0.31.0-12-g77e489cdc1 (webtiles) character file.

Game seed: 16013757090863578301

50 Killerpretzel the Changeling (level 3, 0/24 HPs)
             Began as an Octopode Shapeshifter on Feb 11, 2024.
             Slain by a scorpion (2 damage)
             ... on level 3 of the Dungeon.
             The game lasted 00:01:46 (2157 turns).

Killerpretzel the Changeling (OpSh)                 Turns: 2157, Time: 00:01:47

Health: 0/24       AC:  1    Str: 13    XL:     3   Next: 79%
Magic:  3/3        EV: 13    Int: 12    God:
Gold:   218        SH:  0    Dex: 13    Spells: 2/2 levels left

rFire   . .          .
                       - Unarmed
rCold   . . .        (no shield)
rNeg    . . .        (helmet currently unavailable)
rPois   .            (no amulet)
rElec   .            (no ring)
rCorr   .            (no ring)
SInv    .            (no ring)
Will    .....        (no ring)
Stlth   ++           (no ring)
HPRegen 0.24/turn    (no ring)
MPRegen 0.08/turn    (no ring)
                     (no ring)

%: no passive effects
@: lethally poisoned (0 -> -4), beast-form
A: beast (slay +2), almost no armour, amphibious, 8 rings, camouflage 1,
gelatinous body 1, (nimble swimmer 1), tentacles
a: Begin Untransformation


You were on level 3 of the Dungeon.
You were a hulking beast.
You visited 1 branch of the dungeon, and saw 3 of its levels.

You collected 218 gold pieces.

Inventory:

Hand Weapons
 k - a +2 short sword of speed
Jewellery
 e - an amulet of guardian spirit
Talismans
 b - a beast talisman
 c - a flux talisman
Scrolls
 l - a scroll of teleportation {unknown}
Potions
 a - a potion of lignification
 d - a potion of curing {unknown}
 f - a potion of brilliance {unknown}
 g - a potion of magic {unknown}
 h - a potion of heal wounds {unknown}
 i - a potion of invisibility {unknown}
 j - a potion of haste


   Skills:
 + Level 1.7 Fighting
 + Level 2.4 Dodging
 + Level 3.3 Unarmed Combat
 * Level 3.6 Shapeshifting


You had 2 spell levels left.
You didn't know any spells.
Your spell library contained the following spells:

 Spells                   Type           Power      Damage    Failure   Level
 Necrotise                Necr           0%         1d4       32%         1
 Fugue of the Fallen      Necr           0%         N/A       69%         3
 Ozocubu's Armour         Ice            0%         N/A       69%         3
 Vampiric Draining        Necr           0%         2d6       69%         3
 Manifold Assault         Tloc           0%         N/A       97%         4
 Martyr's Knell           Necr/Summ      0%         N/A       97%         4
 Curse of Agony           Necr           0%         N/A       100%        5


Dungeon Overview and Level Annotations

Branches:
Dungeon (3/15)

Altars:


Innate Abilities, Weirdness & Mutations

You are a hulking beast.
Your limbs bulge with bestial killing power. (Slay +2)
You cannot wear most types of armour.
You are amphibious.
You can wear up to eight rings at the same time.
Your skin changes colour to match your surroundings (Stealth+).
Your rubbery body absorbs attacks. (AC +1, EV +1)
((You are camouflaged when in or above water. (Stealth+)))
You have tentacles for arms and can constrict up to eight enemies at once.


Message History

You are too injured to fight recklessly!
There are monsters nearby!
You are too injured to fight recklessly!
You are too injured to fight recklessly!
You are too injured to fight recklessly!
You are too injured to fight recklessly!
You are too injured to fight recklessly!
You are too injured to fight recklessly!
You are too injured to fight recklessly!
You are too injured to fight recklessly!
You are too injured to fight recklessly!
You are too injured to fight recklessly!
There are monsters nearby!
You are too injured to fight recklessly!
You are too injured to fight recklessly!
You are too injured to fight recklessly!
You are too injured to fight recklessly!
You are too injured to fight recklessly!
You are too injured to fight recklessly!
You are too injured to fight recklessly!
You are too injured to fight recklessly!
You are too injured to fight recklessly!
You are too injured to fight recklessly!
There are monsters nearby!
You release your grip on the scorpion.
The scorpion attacks as it pursues you! The scorpion stings you.
The goblin attacks as it pursues you! The goblin hits you with a +0 dagger.
The scorpion stings you.
* * * LOW HITPOINT WARNING * * *
You are lethally poisoned!
The scorpion poisons you!
* * * LOW HITPOINT WARNING * * *
You feel sick. The goblin attacks as it pursues you!
The goblin barely misses you.
* * * LOW HITPOINT WARNING * * *
You feel sick. The goblin attacks as it pursues you!
The goblin closely misses you.
* * * LOW HITPOINT WARNING * * *
You feel sick. The scorpion attacks as it pursues you! The scorpion stings you.
You die...

###..♣♣♣~♣~~~~~♣P~~P~P♣♣~##
.# #.....♣♣♣~♣♣~~PP♣~♣.♣ ##
####### #♣.♣♣.♣♣♣♣#. #....#
###..# ##.# #.########
#........+ #h########
##########s# #........g.#
#..........# #......g...#
#..........# #..........#
#........!.# #.........[#


You could see a scorpion, a hobgoblin and a goblin.

Vanquished Creatures
  An adder (D:2)
  2 orcs (D:3)
  6 ball pythons (D:2)
  2 endoplasms (D:2)
  2 giant cockroaches (D:2)
  7 hobgoblins
  A quokka (D:2)
  3 bats
  A frilled lizard (D:3)
  3 goblins
  5 kobolds
  4 rats
37 creatures vanquished.

Notes
Turn   | Place    | Note
-------+----------+-------------------------------------------
     0 | D:1      | Killerpretzel the Octopode Shapeshifter began the quest for
                  | the Orb.
     0 | D:1      | Reached XP level 1. HP: 13/13 MP: 1/1
   551 | D:1      | Reached XP level 2. HP: 18/18 MP: 2/2
   999 | D:2      | Noticed a golden eye
  1012 | D:2      | Found a faded altar of an unknown god.
  1014 | D:2      | Noticed a golden eye
  1014 | D:2      | Noticed a great orb of eyes
  1014 | D:2      | Noticed a shining eye
  1289 | D:2      | Reached XP level 3. HP: 21/23 MP: 3/3
  1774 | D:3      | Noticed a scorpion
  2157 | D:3      | Slain by a scorpion

Illustrated notes

Levels and vault maps discovered:
D:1:      spicycebolla_green_bress_n_ham, layout_loops_ring
D:2:      layout_loops_ring, hellmonk_ecumenical_altar_watching_god,
          minmay_misc_feat_secret_circle
D:3:      layout_basic, serial_bayou, serial_bayou_lake_a, serial_bayou_pond_c,
          serial_bayou_shore_b, serial_bayou_shore_b, serial_bayou_ford_a

Action                     || total
---------------------------++-------
  Melee: Unarmed           ||    61
         Constrict         ||    14
         Tentacles         ||     8
         Punch             ||     1
    Use: Scroll            ||     6
   Stab: Sleeping          ||     8
 Armour: Skin              ||    29
  Dodge: Dodged            ||    40
